 Dungeon Crawl Stone Soup version 0.30-a0-1160-g6e42c06551 (webtiles) character file.

Game seed: 16585086928893824074

51 retardedninja the Firebug (level 3, 0/26 HPs)
             Began as a Gnoll Fire Elementalist on Apr 26, 2023.
             Slain by an adder (1 damage)
             ... on level 2 of the Dungeon.
             The game lasted 00:02:14 (1774 turns).

retardedninja the Firebug (Gnoll Fire Elementalist) Turns: 1774, Time: 00:02:15

Health: 0/26       AC:  3    Str:  7    XL:     3   Next: 83%
Magic:  9/9        EV: 13    Int: 16    God:
Gold:   83         SH:  0    Dex: 12    Spells: 9/12 levels left

rFire   . . .        m - +1 flail (holy)
rCold   + . .        (no shield)
rNeg    . . .        a - +0 robe
rPois   .            f - +0 helmet
rElec   .            (no cloak)
rCorr   .            (no gloves)
SInv    .            (no boots)
Will    .....        (no amulet)
Stlth   ++           e - ring of protection from cold
HPRegen 0.24/turn    (no ring)
MPRegen 0.11/turn

%: no passive effects
@: lethally poisoned (0 -> -2)
A: fangs 1, strong nose, distributed training
a: no special abilities


You were on level 2 of the Dungeon.
You visited 1 branch of the dungeon, and saw 2 of its levels.

You collected 83 gold pieces.

Inventory:

Hand Weapons
 m - a +1 flail of holy wrath (weapon)
Armour
 a - a +0 robe (worn)
 f - a +0 helmet (worn)
Jewellery
 e - a ring of protection from cold (left hand)
Scrolls
 h - a scroll of enchant weapon {unknown}
 j - a scroll of identify {unknown}
Potions
 b - a potion of magic
 c - a potion of invisibility {unknown}
 d - a potion of attraction {unknown}
 g - a potion of cancellation {unknown}
 i - a potion of curing {unknown}
 k - 2 potions of heal wounds {unknown}
 l - a potion of brilliance {unknown}


   Skills:
 + Level 1.0 Fighting
 + Level 1.0 Short Blades
 + Level 1.0 Long Blades
 + Level 1.0 Axes
 + Level 1.0 Maces & Flails
 + Level 1.0 Polearms
 + Level 1.0 Staves
 + Level 1.0 Ranged Weapons
 + Level 1.0 Throwing
 + Level 1.0 Armour
 + Level 4.6 Dodging
 + Level 4.2 Stealth
 + Level 1.0 Shields
 + Level 1.0 Unarmed Combat
 + Level 5.0 Spellcasting
 + Level 2.2 Conjurations
 + Level 0.7 Hexes
 + Level 0.7 Summonings
 + Level 0.7 Necromancy
 + Level 0.7 Translocations
 + Level 0.7 Transmutations
 + Level 5.4 Fire Magic
 + Level 0.7 Ice Magic
 + Level 0.7 Air Magic
 + Level 0.7 Earth Magic
 + Level 0.7 Poison Magic
 + Level 1.1 Invocations
 + Level 1.0 Evocations


You had 9 spell levels left.
You knew the following spells:

 Your Spells              Type           Power      Damage    Failure   Level
a - Foxfire               Conj/Fire      64%        2x1d7     3%          1
b - Scorch                Fire           42%        2d7       2%          2

Your spell library contained the following spells:

 Spells                   Type           Power      Damage    Failure   Level
 Inner Flame              Hex/Fire       14%        N/A       13%         3
 Volatile Blastmotes      Fire/Tloc      28%        2d12      13%         3
 Flame Wave               Conj/Fire      16%        2d7       30%         4


Dungeon Overview and Level Annotations

Branches:
Dungeon (2/15)

Altars:
Fedhas


Innate Abilities, Weirdness & Mutations

You have very sharp teeth.
Your uncanny sense of smell can sniff out nearby items.
Your experience applies equally to all skills.


Message History

The adder poisons you!
There is not enough space to conjure foxfire!
You feel sick. The adder closely misses you.
You closely miss the adder. Your bite misses the adder.
The adder is severely wounded.
You feel sick. The adder closely misses you. The adder bites you.
You are more poisoned.
The adder poisons you!
You completely miss the adder.
The adder is severely wounded.
You feel very sick. The adder completely misses you. The adder misses you.
You miss the adder.
The adder is severely wounded.
You feel very sick. The adder bites you but does no damage.
You closely miss the adder. You bite the adder, but do no damage.
The adder is severely wounded.
You feel sick. The adder completely misses you. The adder barely misses you.
You completely miss the adder.
The adder is heavily wounded.
You feel sick. The adder closely misses you. The adder barely misses you.
You closely miss the adder.
The adder is heavily wounded.
You feel sick. The adder bites you.
You are more poisoned.
The adder poisons you! The adder closely misses you.
You closely miss the adder.
The adder is heavily wounded.
You feel sick. The adder closely misses you.
You miss the adder.
The adder is heavily wounded.
You feel sick. The adder closely misses you. The adder bites you.
* * * LOW HITPOINT WARNING * * *
You miss the adder. Your bite misses the adder.
The adder is heavily wounded.
You feel sick. The adder bites you.
* * * LOW HITPOINT WARNING * * *
The adder bites you.
You die...

........# #. #..#
.....[#.######.#
#..#
##.##..........#
#..# #.##.##########
#..# #.##.#########
#..#
#.##.........####.>#
#.##########.......#
#.# #########.## #.#
......S@..# ...
###########


You could see an adder.

Vanquished Creatures
  3 gnolls (D:2)
  An endoplasm (D:2)
  2 giant cockroaches
  4 goblins
  3 hobgoblins (D:1)
  2 quokkas (D:2)
  A ball python (D:1)
  2 bats (D:1)
  A frilled lizard (D:2)
  2 kobolds (D:2)
  A rat (D:2)
22 creatures vanquished.

Vanquished Creatures (others)
  114 foxfires
114 creatures vanquished.

Grand Total: 136 creatures vanquished

Notes
Turn   | Place    | Note
-------+----------+-------------------------------------------
     0 | D:1      | retardedninja the Gnoll Fire Elementalist began the quest
                  | for the Orb.
     0 | D:1      | Reached XP level 1. HP: 13/13 MP: 6/6
   470 | D:1      | Reached XP level 2. HP: 19/19 MP: 0/7
  1175 | D:2      | Found a blossoming altar of Fedhas.
  1215 | D:2      | Learned a level 2 spell: Scorch
  1224 | D:2      | Reached skill level 5 in Spellcasting
  1224 | D:2      | Reached XP level 3. HP: 21/25 MP: 3/9
  1350 | D:2      | Reached skill level 1 in Invocations
  1354 | D:2      | Reached skill level 1 in Fighting
  1354 | D:2      | Reached skill level 1 in Short Blades
  1354 | D:2      | Reached skill level 1 in Long Blades
  1354 | D:2      | Reached skill level 1 in Axes
  1354 | D:2      | Reached skill level 1 in Maces & Flails
  1354 | D:2      | Reached skill level 1 in Polearms
  1354 | D:2      | Reached skill level 1 in Staves
  1354 | D:2      | Reached skill level 1 in Ranged Weapons
  1354 | D:2      | Reached skill level 1 in Throwing
  1354 | D:2      | Reached skill level 1 in Armour
  1354 | D:2      | Reached skill level 1 in Shields
  1354 | D:2      | Reached skill level 1 in Unarmed Combat
  1354 | D:2      | Reached skill level 1 in Evocations
  1611 | D:2      | Found a faded altar of an unknown god.
  1774 | D:2      | HP: 1/26 [adder (2)]
  1774 | D:2      | Slain by an adder

Illustrated notes

Levels and vault maps discovered:
D:1:      dpeg_arrival_tiny_a, layout_basic
D:2:      layout_loops_ring, shapermc_ecumenical_altar_totnotflames, basic_altar

Skill      XL: |  1  2  3 |
---------------+----------+-----
Conjurations   | 2 |  2.2
Spellcasting   | 5 |  5.0
Invocations    | 1 |  1.1
Fighting       | 1 |  1.0
Short Blades   | 1 |  1.0
Long Blades    | 1 |  1.0
Axes           | 1 |  1.0
Maces & Flails | 1 |  1.0
Polearms       | 1 |  1.0
Staves         | 1 |  1.0
Ranged Weapons | 1 |  1.0
Throwing       | 1 |  1.0
Armour         | 1 |  1.0
Shields        | 1 |  1.0
Unarmed Combat | 1 |  1.0
Evocations     | 1 |  1.0
Dodging        | |  4.6
Stealth        | |  4.2
Hexes          | |  0.7
Summonings     | |  0.7
Necromancy     | |  0.7
Translocations | |  0.7
Transmutations | |  0.7
Fire Magic     | |  5.4
Ice Magic      | |  0.7
Air Magic      | |  0.7
Earth Magic    | |  0.7
Poison Magic   | |  0.7

Action                     || total
---------------------------++-------
  Melee: Spear             ||     8
         Bite              ||     2
         Flail             ||    11
   Cast: Foxfire           ||    74
 Armour: Robe              ||     7
  Dodge: Dodged            ||    27

Table legend: (Time is in decaauts)
 A = Elapsed time spent in this place.
 B = Non-inter-level travel time spent in this place.
 C = Inter-level travel time spent in this place.
 D = Time resting spent in this place.
 E = Time spent auto-exploring this place.
 F = Levels seen in this place.
 G = Mean time per level.
                   A        B        C        D        E       F      G
               +--------+--------+--------+--------+--------+-----+--------+
         Total |   1776 |   1693 |     83 |      0 |   1432 |   2 |  888.0 |
       Dungeon |   1776 |   1693 |     83 |      0 |   1432 |   2 |  888.0 |
               +--------+--------+--------+--------+--------+-----+--------+

Top non-repeatable levels by time:
     D:1: 913 daAuts
     D:2: 863 daAuts
